 Dungeon Crawl Stone Soup version 0.30-a0-723-gc1506a1cf0 (webtiles) character file.

Game seed: 9777850070335754313

114 jimonade the Ducker (level 4, -5/24 (25) HPs)
             Began as a Deep Elf Gladiator on Jan 28, 2023.
             Slain by a hell rat (13 damage)
             ... in a sewer.
             The game lasted 00:04:19 (1982 turns).

jimonade the Ducker (Deep Elf Gladiator)            Turns: 1982, Time: 00:04:19

HP:   -5/24 (25)    AC:  9    Str: 11    XL:     4   Next: 67%
MP:   6/6           EV:  6    Int: 15    God:
Gold: 67            SH:  0    Dex: 16    Spells: 3/3 levels left

rFire   . . .      SeeInvis .    o - +5 dagger
rCold   . . .      Faith    .    (no shield)
rNeg    . . .      Spirit   .    k - +0 chain mail
rPois   .          Reflect  .    c - +0 helmet
rElec   .          Harm     .    (no cloak)
rCorr   .          Rampage  .    (no gloves)
Will    +....                    (no boots) Stlth
                                 (no amulet)
HPRegen 0.24/turn                i - +4 ring of slaying
MPRegen 0.10/turn                m - ring of willpower

@: lightly drained
A: no striking features
a: no special abilities


You were in a sewer.
You visited 1 branch of the dungeon, and saw 3 of its levels.
You also visited: Sewer.

You collected 67 gold pieces.

Inventory:

Hand Weapons
 a - a +0 quarterstaff
 o - a +5 dagger (weapon)
Missiles
 d - 3 throwing nets (quivered)
 e - a javelin
Armour
 b - a +0 leather armour
 c - a +0 helmet (worn)
 k - a +0 chain mail (worn)
 p - a +0 ring mail
 v - a +0 leather armour
Jewellery
 i - a +4 ring of slaying (left hand)
 m - a ring of willpower (right hand)
 q - an amulet of faith
Scrolls
 l - 2 scrolls of identify {unknown}
 r - a scroll of enchant weapon {unknown}
 t - a scroll of fog {unknown}
 u - a scroll of teleportation {unknown}
Potions
 f - a potion of haste {unknown}
 g - a potion of heal wounds {unknown}
 h - a potion of invisibility {unknown}
 j - 2 potions of curing {unknown}
 n - a potion of lignification {unknown}
 s - a potion of degeneration {unknown}


   Skills:
 - Level 1.5 Fighting
 * Level 2.3 Short Blades
 - Level 3.9 Staves
 - Level 2.0 Throwing
 + Level 4.8 Dodging


You had 3 spell levels left.
You didn't know any spells.
Your spell library contained the following spells:

 Spells                   Type           Power      Damage    Failure   Level
 Freeze                   Ice            0%         1d3       100%        1
 Sandblast                Erth           0%         2d4       100%        1
 Passwall                 Tmut/Erth      0%         N/A       100%        2
 Frozen Ramparts          Ice            0%         1d1       100%        3
 Hailstorm                Conj/Ice       0%         3d3       100%        3
 Stone Arrow              Conj/Erth      0%         3d7       100%        3
 Summon Lightning Spire   Summ/Air       0%         N/A       100%        4
 Summon Forest            Summ/Tloc      0%         N/A       100%        5
 Conjure Ball Lightning   Conj/Air       0%         3x3d6     100%        6


Dungeon Overview and Level Annotations

Branches:
Dungeon (3/15)              Sewer (1/1)

Altars:


Message History

You see here a river rat corpse.
You enter the shallow water.
Moving in this stuff is going to be slow.
You enter the shallow water.
Moving in this stuff is going to be slow.
You enter the shallow water.
Moving in this stuff is going to be slow.
As you open the door, it creaks loudly!
A hell rat comes into view.
The hell rat roars deafeningly!
Found four items.
Found a gate leading back out of this place.
You closely miss the hell rat. You puncture the hell rat!
The hell rat is heavily wounded.
The hell rat bites you.
You closely miss the hell rat.
The hell rat is heavily wounded.
The hell rat bites you.
You feel drained.
You hit the hell rat but do no damage.
The hell rat is heavily wounded.
The hell rat barely misses you.
You hit the hell rat but do no damage.
The hell rat is heavily wounded.
The hell rat bites you but does no damage.
You hit the hell rat.
The hell rat is severely wounded.
The hell rat bites you!
* * * LOW HITPOINT WARNING * * *
You hit the hell rat.
The hell rat is almost dead.
The hell rat splashes around in the water.
You barely miss the hell rat.
The hell rat is almost dead.
The hell rat splashes around in the water.
You barely miss the hell rat.
The hell rat is almost dead.
The hell rat bites you!
Ouch! That really hurt!
You die...

##.†~.~~.##
#~~~###.~~#
##††##~##~~##
#~.†#.~~#.~.#
#.~##?.~##~.#
#~~#??~~~#~~#
#∩∩#∩?~r~'~~#
#~.# #r.#
#.~# ##@†#
#~~~ #~..#
##..# ##~~##
#~..###..~#
#~~...~.##
#~~~~~~~#
###..~###
#####


You could see a hell rat.

Vanquished Creatures
  4 adders
  3 river rats (Sewer)
  2 dart slugs
  3 ball pythons
  6 bats
  2 endoplasms
  A giant cockroach (D:1)
  A goblin (D:1)
  A hobgoblin (D:1)
  10 jackals (D:1)
  A quokka (D:2)
  4 frilled lizards
  4 kobolds (D:2)
  11 rats
53 creatures vanquished.

Notes
Turn   | Place    | Note
-------+----------+-------------------------------------------
     0 | D:1      | jimonade the Deep Elf Gladiator began the quest for the
                  | Orb.
     0 | D:1      | Reached XP level 1. HP: 12/12 MP: 3/3
    55 | D:1      | Reached XP level 2. HP: 13/16 MP: 4/4
   180 | D:1      | Reached skill level 4 in Dodging
   737 | D:1      | Reached XP level 3. HP: 12/20 MP: 5/5
  1197 | D:2      | Reached skill level 1 in Short Blades
  1305 | D:2      | Reached XP level 4. HP: 25/25 MP: 6/6
  1338 | D:2      | Found a faded altar of an unknown god.
  1872 | D:3      | Got Sif Muna's Precepts of Stormy Displacement
  1906 | D:3      | Found a glowing drain.
  1917 | Sewer    | Entered a sewer
  1982 | Sewer    | Slain by a hell rat

Illustrated notes

Levels and vault maps discovered:
D:1:      dpeg_arrival_renting, layout_basic
D:2:      layout_rooms, chequers_ecumenical_altar_twisty,
          serial_co_window_serial, co_window_paths_a, co_window_corner_a,
          co_window_paths_b, co_window_paths_a, co_window_paths_b,
          co_window_paths_b, co_window_corner_a, co_window_paths_a,
          co_window_corner_a, co_window_broadway_b, co_window_broadway_a,
          co_window_corner_ca, co_window_corner_b, co_window_broadway_a,
          co_window_paths_c, co_window_paths_d, glass_columns_a, glass_columns_a
D:3:      layout_rooms, cheibrodos_sewer_entry_bend, guppyfry_early_orc_mine,
          uniq_sigmund
Sewer:    sewer_hellmonk_bad_rat

Skill      XL: |  1  2  3  4 |
---------------+-------------+-----
Dodging        | 4 |  4.8
Short Blades   | 1 2 |  2.3
Fighting       | |  1.5
Staves         | |  3.9
Throwing       | |  2.0

Action                     |  1- 3 |  4- 6 || total
---------------------------+-------+-------++-------
  Melee: Quarterstaff      |    57 |       ||    57
         Dagger            |    32 |    47 ||    79
         Punch             |     1 |       ||     1
    Use: Scroll            |       |     1 ||     1
   Stab: Sleeping          |     2 |       ||     2
 Armour: Leather armour    |    22 |       ||    22
         Ring mail         |    14 |     4 ||    18
         Chain mail        |       |     7 ||     7
  Dodge: Dodged            |    48 |    17 ||    65

Table legend: (Time is in decaauts)
 A = Elapsed time spent in this place.
 B = Non-inter-level travel time spent in this place.
 C = Inter-level travel time spent in this place.
 D = Time resting spent in this place.
 E = Time spent auto-exploring this place.
 F = Levels seen in this place.
 G = Mean time per level.
                   A        B        C        D        E       F      G
               +--------+--------+--------+--------+--------+-----+--------+
         Total |   1992 |   1870 |    122 |     30 |   1353 |   4 |  498.0 |
       Dungeon |   1921 |   1799 |    122 |     30 |   1353 |   3 |  640.3 |
         Sewer |     70 |     70 |      0 |      0 |      0 |   1 |   70.0 |
               +--------+--------+--------+--------+--------+-----+--------+

Top non-repeatable levels by time:
     D:2: 912 daAuts
     D:1: 910 daAuts
     D:3: 98 daAuts
   Sewer: 70 daAuts
